[Event "46th Barbera del Valles Open-A 2024"]
[Site "Barbera del Valles"]
[Date "2024.07.09"]
[Round "5.1"]
[White "Diaz Perez, Michel Alejandro"]
[Black "Cuartas, Jaime Alexander"]
[Result "1/2-1/2"]
[ECO "D10"]
[WhiteElo "2486"]
[BlackElo "2519"]
[Annotator "RC"]
[PlyCount "136"]
[EventDate "2024.06.25"]
[EventType "swiss"]
[EventCountry "ESP"]
[SourceTitle "playchess.com"]
[Source "ChessBase"]
[SourceQuality "1"]
[TimeControl "5400+30"]

1. d4 d5 2. c4 c6 3. Nc3 Nf6 4. e3 Bf5 5. cxd5 cxd5 6. Qb3 Nc6 7. Qxb7 Bd7 8. Qb3 Rb8 9. Qd1 e5 10. dxe5 Nxe5 11. Be2 Bd6 12. Nf3 O-O 13. O-O Qc7 14. h3 Nxf3+ 15. Bxf3 Rfd8 16. a4 Qc8 17. Nb5 Bxb5 18. axb5 Rxb5 19. Rxa7 Bh2+ 20. Kh1 Be5 21. Qa4 Qb8 22. Ra8 Qxa8 23. Qxb5 Rb8 24. Qe2 Qa2 25. Rd1 Bxb2 26. Qc2 h6 27. Qc7 Qb3 28. Bxb2 Qxb2 29. Bxd5 Nxd5 30. Rxd5 Rf8 31. Qf4 Qf6 32. Qxf6 gxf6 33. h4 Ra8 34. Kh2 Ra2 35. Kg3 Kg7 36. Kf3 Rb2 37. g3 Ra2 38. e4 Ra3+ 39. Kf4 Ra2 40. f3 Ra3 41. Kg4 Kg6 42. Rd6 Kg7 43. h5 Rb3 44. Kf4 Ra3 45. Rd5 Rb3 46. g4 Ra3 47. e5 fxe5+ 48. Rxe5 Rb3 49. Rd5 Ra3 50. Ke4 Rb3 51. Rd3 Rb5 52. f4 Ra5 53. Rd5 Ra4+ 54. Kf5 Ra1 55. Rc5 Rb1 56. Ke5 Re1+ 57. Kd6 Re6+ 58. Kd7 Re4 59. Rf5 f6 60. Kd6 Rd4+ 61. Kc5 Re4 62. Kd5 Ra4 63. g5 fxg5 64. fxg5 hxg5 65. Rxg5+ Kh6 66. Re5 Ra5+ 67. Ke4 Rxe5+ 68. Kxe5 Kxh5 1/2-1/2

[Event "46th Barbera del Valles Open-A 2024"]
[Site "Barbera del Valles"]
[Date "2024.07.09"]
[Round "5.2"]
[White "Salinas Tomas, Daniel"]
[Black "Alsina Leal, Daniel"]
[Result "1-0"]
[ECO "E05"]
[WhiteElo "2355"]
[BlackElo "2512"]
[Annotator "RC"]
[PlyCount "83"]
[EventDate "2024.06.25"]
[EventType "swiss"]
[EventCountry "ESP"]
[SourceTitle "playchess.com"]
[Source "ChessBase"]
[SourceQuality "1"]
[TimeControl "5400+30"]

1. d4 Nf6 2. c4 e6 3. g3 d5 4. Nf3 Be7 5. Bg2 O-O 6. O-O dxc4 7. Qc2 a6 8. a4 Bd7 9. Qxc4 Bc6 10. Bg5 Nbd7 11. Nc3 a5 12. Rfd1 h6 13. Bxf6 Nxf6 14. Rac1 Bb4 15. Ne5 Bxg2 16. Kxg2 c6 17. e3 Qe7 18. Nd3 Rfd8 19. Ne2 Bd6 20. Nef4 g6 21. Nc5 Bxf4 22. gxf4 Nd5 23. Qe2 Rac8 24. Nd3 Kg7 25. Kh1 Nb4 26. Ne5 c5 27. Qb5 cxd4 28. Rxc8 Rxc8 29. Rxd4 Nd5 30. Qxa5 Rc1+ 31. Kg2 Rc2 32. Qe1 Rxb2 33. Qa1 Rc2 34. Kg3 f6 35. Nf3 Qc7 36. h4 Nc3 37. Kg2 Ra2 38. Qf1 Rxa4 39. Rxa4 Nxa4 40. Nd4 Qd7 41. Qa1 Nc5 42. Qa7 1-0

[Event "46th Barbera del Valles Open-A 2024"]
[Site "Barbera del Valles"]
[Date "2024.07.09"]
[Round "5.3"]
[White "Escobar Forero, Alder"]
[Black "Bakshi, Rutuja"]
[Result "1-0"]
[ECO "C13"]
[WhiteElo "2426"]
[BlackElo "2058"]
[Annotator "RC"]
[PlyCount "71"]
[EventDate "2024.06.25"]
[EventType "swiss"]
[EventCountry "ESP"]
[SourceTitle "playchess.com"]
[Source "ChessBase"]
[SourceQuality "1"]
[TimeControl "5400+30"]

1. e4 e6 2. d4 d5 3. Nc3 Nf6 4. Bg5 dxe4 5. Nxe4 Be7 6. Bxf6 gxf6 7. Nf3 f5 8. Nc3 a6 9. g3 b5 10. Bg2 Bb7 11. O-O O-O 12. Ne5 Bxg2 13. Kxg2 c5 14. d5 Qc7 15. Re1 Bf6 16. Nd3 Re8 17. Qf3 Bxc3 18. bxc3 Nd7 19. dxe6 fxe6 20. Rxe6 Rxe6 21. Qxa8+ Kf7 22. Rd1 Qc6+ 23. Qxc6 Rxc6 24. Nf4 Nf6 25. f3 Ke7 26. Re1+ Kf7 27. Rd1 Ke7 28. Re1+ Kf7 29. Re5 Rd6 30. Rxf5 Rd2+ 31. Kh3 Rxc2 32. Nh5 Kg6 33. Rxf6+ Kxh5 34. Rxa6 Rxc3 35. g4+ Kg5 36. Kg3 1-0

[Event "46th Barbera del Valles Open-A 2024"]
[Site "Barbera del Valles"]
[Date "2024.07.09"]
[Round "5.4"]
[White "Reyan"]
[Black "Solodovnichenko, Yuri"]
[Result "0-1"]
[ECO "B30"]
[WhiteElo "2022"]
[BlackElo "2481"]
[Annotator "RC"]
[PlyCount "62"]
[EventDate "2024.06.25"]
[EventType "swiss"]
[EventCountry "ESP"]
[SourceTitle "playchess.com"]
[Source "ChessBase"]
[SourceQuality "1"]
[TimeControl "5400+30"]

1. e4 c5 2. Nc3 Nc6 3. Bb5 Nd4 4. Nf3 e6 5. O-O a6 6. Bd3 Nc6 7. b3 g6 8. e5 Bg7 9. Re1 f6 10. exf6 Nxf6 11. Bb2 O-O 12. Bf1 Qc7 13. Ne2 Ng4 14. Bxg7 Rxf3 15. Ng3 Rf4 16. Bb2 Nxf2 17. Qe2 Ng4 18. h3 Nd4 19. Bxd4 Rxd4 20. Qf3 Rf4 21. Qc3 Nf6 22. Bc4 b5 23. Ne2 Rf5 24. Ng3 Rf4 25. Ne2 Ne4 26. Qe3 Rh4 27. Bd3 Bb7 28. g3 Nxd2 29. Qxd2 Qc6 30. Nf4 Qh1+ 31. Kf2 Qh2+ 0-1

[Event "46th Barbera del Valles Open-A 2024"]
[Site "Barbera del Valles"]
[Date "2024.07.09"]
[Round "5.5"]
[White "Talwalkar, Vedant"]
[Black "Kaustuv, Kundu"]
[Result "0-1"]
[ECO "B35"]
[WhiteElo "2114"]
[BlackElo "2403"]
[Annotator "RC"]
[PlyCount "92"]
[EventDate "2024.06.25"]
[EventType "swiss"]
[EventCountry "ESP"]
[SourceTitle "playchess.com"]
[Source "ChessBase"]
[SourceQuality "1"]
[TimeControl "5400+30"]

1. e4 c5 2. Nf3 g6 3. d4 cxd4 4. Nxd4 Bg7 5. Nc3 Nc6 6. Be3 Nf6 7. Bc4 O-O 8. Bb3 Re8 9. Nxc6 dxc6 10. h3 Qc7 11. O-O b5 12. a3 a5 13. f4 Ba6 14. e5 b4 15. Ne2 a4 16. Ba2 bxa3 17. bxa3 Nd5 18. Bxd5 cxd5 19. Rf3 Bxe2 20. Qxe2 Rec8 21. Rc1 Qc4 22. Qd2 e6 23. Bd4 Bf8 24. Rc3 Qa2 25. Kh2 Rxc3 26. Bxc3 Qxa3 27. f5 exf5 28. Re1 Rc8 29. Ba1 Bb4 30. c3 Bxc3 31. Qe3 Bb4 32. Qxa3 Bxa3 33. Re3 Bc1 34. Rd3 a3 35. Rxd5 Rb8 36. Rd1 Bb2 37. Bxb2 axb2 38. Rb1 Kf8 39. Kg3 Ke7 40. Kf4 Ke6 41. g3 Rb4+ 42. Ke3 Kxe5 43. Kd2 Rb7 44. Kc2 Ke4 45. Rxb2 Rxb2+ 46. Kxb2 Kf3 0-1

[Event "46th Barbera del Valles Open-A 2024"]
[Site "Barbera del Valles"]
[Date "2024.07.09"]
[Round "5.6"]
[White "Utsab Chatterjee"]
[Black "Lau, Lut Yin Luke"]
[Result "1/2-1/2"]
[ECO "C78"]
[WhiteElo "2287"]
[BlackElo "2120"]
[Annotator "RC"]
[PlyCount "43"]
[EventDate "2024.06.25"]
[EventType "swiss"]
[EventCountry "ESP"]
[SourceTitle "playchess.com"]
[Source "ChessBase"]
[SourceQuality "1"]
[TimeControl "5400+30"]

1. e4 e5 2. Nf3 Nc6 3. Bb5 a6 4. Ba4 Nf6 5. O-O b5 6. Bb3 Bc5 7. c3 d6 8. d4 Bb6 9. Be3 O-O 10. Nbd2 Re8 11. h3 h6 12. Re1 exd4 13. cxd4 Nb4 14. Qb1 c5 15. a3 Nc6 16. e5 cxd4 17. Bxh6 Nxe5 18. Nxe5 Rxe5 19. Rxe5 dxe5 20. Qg6 Qf8 21. Nf3 e4 22. Ng5 1/2-1/2

[Event "46th Barbera del Valles Open-A 2024"]
[Site "Barbera del Valles"]
[Date "2024.07.09"]
[Round "5.7"]
[White "Vedant Rupeshbhai Varasada"]
[Black "Bogdanov, Artyom"]
[Result "1/2-1/2"]
[ECO "C45"]
[WhiteElo "1860"]
[BlackElo "2265"]
[Annotator "RC"]
[PlyCount "119"]
[EventDate "2024.06.25"]
[EventType "swiss"]
[EventCountry "ESP"]
[SourceTitle "playchess.com"]
[Source "ChessBase"]
[SourceQuality "1"]
[TimeControl "5400+30"]

1. e4 e5 2. Nf3 Nc6 3. d4 exd4 4. Nxd4 Nf6 5. Nxc6 bxc6 6. e5 Qe7 7. Qe2 Nd5 8. c4 Ba6 9. Nd2 g6 10. Nf3 Bg7 11. Bg5 f6 12. exf6 Qxe2+ 13. Bxe2 Nxf6 14. O-O-O O-O-O 15. Rhe1 Rde8 16. h3 c5 17. Bd3 Bb7 18. Rxe8+ Rxe8 19. Re1 Rxe1+ 20. Nxe1 Ne4 21. Be3 d6 22. f3 Ng3 23. Bf4 Nh5 24. Bh2 Kd7 25. Kc2 Bh6 26. Bf1 Be3 27. Kd3 Bf2 28. Nc2 Ng3 29. Be2 h5 30. Ne3 Nxe2 31. Kxe2 Bh4 32. g4 Ke6 33. b3 Bf6 34. f4 hxg4 35. hxg4 Be4 36. Kd2 Bd4 37. Bg3 Bb1 38. Nd5 Bxa2 39. Nxc7+ Kd7 40. Nb5 Bxb3 41. Nxd4 cxd4 42. Kd3 Bd1 43. Kxd4 Bxg4 44. c5 dxc5+ 45. Kxc5 Ke6 46. Bh4 Be2 47. Kb4 Kd5 48. Bg5 a6 49. Bh6 Kc6 50. Ka5 Bb5 51. Bg5 Kd5 52. Bh6 Ke4 53. Bg5 Kf5 54. Bh6 Kg4 55. Bg5 Kh5 56. Kb4 Kg4 57. Ka5 Kh5 58. Kb4 Kg4 59. Ka5 Kh5 60. Kb4 1/2-1/2

[Event "46th Barbera del Valles Open-A 2024"]
[Site "Barbera del Valles"]
[Date "2024.07.09"]
[Round "5.8"]
[White "Fanninger, Leon"]
[Black "Barath Kalyan M"]
[Result "1-0"]
[ECO "E65"]
[WhiteElo "2186"]
[BlackElo "2086"]
[Annotator "RC"]
[PlyCount "103"]
[EventDate "2024.06.25"]
[EventType "swiss"]
[EventCountry "ESP"]
[SourceTitle "playchess.com"]
[Source "ChessBase"]
[SourceQuality "1"]
[TimeControl "5400+30"]

1. c4 Nf6 2. Nf3 g6 3. d4 Bg7 4. g3 O-O 5. Bg2 d6 6. Nc3 c5 7. O-O Nc6 8. dxc5 dxc5 9. Bf4 Be6 10. Ne5 Na5 11. Nd3 Rc8 12. b3 b6 13. Qc1 Nc6 14. Rd1 Nd7 15. Bh6 Bf5 16. Bxg7 Kxg7 17. Qb2 Kg8 18. Nf4 g5 19. Nh3 h6 20. f4 e6 21. fxg5 Bxh3 22. Bxh3 hxg5 23. Ne4 f5 24. Qd2 Nd4 25. Qxg5+ Qxg5 26. Nxg5 Nxe2+ 27. Kf2 Nd4 28. Nxe6 Nxe6 29. Rxd7 Rc7 30. Rxc7 Nxc7 31. Re1 Rf7 32. Re5 f4 33. g4 Rd7 34. Bg2 Rd2+ 35. Re2 Rd4 36. Re7 Na6 37. a3 Rd2+ 38. Kf1 Kf8 39. Rxa7 Nb8 40. Bd5 Rb2 41. Ra8 Rxb3 42. Rxb8+ Ke7 43. g5 Rb2 44. h4 Kd6 45. g6 Ke5 46. g7 Rb1+ 47. Kf2 Rb2+ 48. Kg1 Rb1+ 49. Kh2 Rb2+ 50. Bg2 f3 51. g8=Q fxg2 52. Kg1 1-0

[Event "46th Barbera del Valles Open-A 2024"]
[Site "Barbera del Valles"]
[Date "2024.07.09"]
[Round "5.9"]
[White "Kao, Jamison Edrich"]
[Black "Vaibhav Jayant Raut"]
[Result "1/2-1/2"]
[ECO "B22"]
[WhiteElo "2124"]
[BlackElo "2071"]
[Annotator "RC"]
[PlyCount "118"]
[EventDate "2024.06.25"]
[EventType "swiss"]
[EventCountry "ESP"]
[SourceTitle "playchess.com"]
[Source "ChessBase"]
[SourceQuality "1"]
[TimeControl "5400+30"]

1. e4 c5 2. Nf3 e6 3. c3 Nf6 4. e5 Nd5 5. d4 cxd4 6. cxd4 d6 7. Bc4 Nc6 8. O-O Be7 9. Qe2 O-O 10. Rd1 Na5 11. Bxd5 exd5 12. Nc3 Be6 13. Bf4 Rc8 14. Nb5 dxe5 15. dxe5 a6 16. Nbd4 Qd7 17. Rd3 Nc6 18. h3 Rfe8 19. Nxc6 bxc6 20. Ng5 h6 21. Nxe6 Qxe6 22. Rg3 c5 23. Qh5 Rc6 24. Re1 Bf8 25. Bd2 Kh7 26. f4 g6 27. Qd1 c4 28. Be3 c3 29. bxc3 Rxc3 30. Rf3 Rxe3 31. Rexe3 Bc5 32. Kh2 Bxe3 33. Rxe3 Qf5 34. Rf3 Qe6 35. Rd3 Qf5 36. Qf3 g5 37. g4 Qxf4+ 38. Qxf4 gxf4 39. Rxd5 Rc8 40. Ra5 Rc2+ 41. Kg1 h5 42. Rxa6 hxg4 43. hxg4 Kg7 44. Kf1 f3 45. a3 Re2 46. Rf6 Re3 47. Kf2 Rxa3 48. Rxf3 Ra4 49. Kg3 Re4 50. Rf5 Re1 51. Kf2 Re4 52. Kf3 Re1 53. Kf4 Kh6 54. Rf6+ Kg7 55. Rd6 Rf1+ 56. Kg5 Re1 57. Kf5 Rf1+ 58. Kg5 Re1 59. Rd5 Rxe5+ 1/2-1/2

[Event "46th Barbera del Valles Open-A 2024"]
[Site "Barbera del Valles"]
[Date "2024.07.09"]
[Round "5.10"]
[White "Berdayes Ason, Dylan Isidro"]
[Black "Navalgund, Niranjan"]
[Result "1/2-1/2"]
[ECO "D23"]
[WhiteElo "2519"]
[BlackElo "2149"]
[Annotator "RC"]
[PlyCount "138"]
[EventDate "2024.06.25"]
[EventType "swiss"]
[EventCountry "ESP"]
[SourceTitle "playchess.com"]
[Source "ChessBase"]
[SourceQuality "1"]
[TimeControl "5400+30"]

1. d4 d5 2. c4 c6 3. Nf3 Nf6 4. Qb3 dxc4 5. Qxc4 Bf5 6. g3 e6 7. Bg2 Be7 8. O-O O-O 9. e3 Nbd7 10. Rd1 Rc8 11. Qe2 Bg6 12. Nc3 b5 13. b3 Qa5 14. Bb2 Nd5 15. Rdc1 b4 16. Na4 c5 17. e4 N5b6 18. Nxc5 Nxc5 19. dxc5 Rxc5 20. Rxc5 Qxc5 21. Rc1 Qa5 22. Ba1 Rc8 23. Rxc8+ Nxc8 24. Ne5 Qc5 25. Bb2 Bd6 26. Qd2 Nb6 27. h4 f6 28. Nd3 Qb5 29. Bd4 e5 30. Be3 Bf8 31. Qc2 Bd6 32. Nb2 Be8 33. Bf1 Qc6 34. Qd2 Be7 35. Bxb6 axb6 36. Bc4+ Kf8 37. Qe2 b5 38. Bd5 Qc3 39. Nd3 Qc8 40. Kg2 Bd6 41. Ne1 Be7 42. Nc2 Bc5 43. Qd2 Qd8 44. Qe2 Qd7 45. Ne1 Bd6 46. Nd3 Qc8 47. Qe3 Qc7 48. Kh2 Ke7 49. Bg8 Kf8 50. Bd5 Ke7 51. Kg1 Kf8 52. Qe2 Qc8 53. Kg2 Ke7 54. Ne1 Kf8 55. Nc2 Bc5 56. Qe1 Bh5 57. Nxb4 Qg4 58. Qc3 Bxf2 59. Nc2 Qe2 60. Qc8+ Be8 61. Qf5 Be1+ 62. Kh3 Qxc2 63. Qe6 Qc7 64. Qg8+ Ke7 65. Qxg7+ Kd8 66. Qxf6+ Kc8 67. Qa6+ Kd8 68. Qf6+ Qe7 69. Qb6+ Qc7 1/2-1/2